 Dungeon Crawl Stone Soup version 0.21.1-1-g345015f (webtiles) character file.

2396 goulibeur the Agent of Entropy (level 9, 0/69 HPs)
             Began as a Demonspawn Abyssal Knight on July 11, 2018.
             Was a Priest of Lugonu.
             Slain by an orc warrior
             ... wielding a +0 glaive
              (4 damage)
             ... on level 8 of the Dungeon.
             The game lasted 00:20:34 (6877 turns).

goulibeur the Agent of Entropy (DsAK)               Turns: 6877, Time: 00:20:35

Health: 0/69       AC: 18    Str: 12    XL:     9   Next: 22%
Magic:  16/16      EV:  5    Int: 14    God:    Lugonu [***...]
Gold:   267        SH:  9    Dex: 16    Spells: 8/8 levels left

rFire    . . .     SeeInvis .   w - +1 long sword (drain)
rCold    . . .     Gourm    .   y - +0 shield {AC+3}
rNeg     . . .     Faith    .   l - +0 chain mail
rPois    +         Spirit   .   s - +0 helmet
rElec    .         Reflect  .   x - +0 cloak {rPois}
rCorr    +         Harm     .   (no gloves)
MR       .....                  (no boots)
Stlth    ..........             L - amulet of regeneration
HPRegen  0.61/turn              E - ring of loudness (curse)
MPRegen  0.15/turn              p - ring of resist corrosion

@: drained
A: talons 1, molten scales 2, powered by death 2
a: Depart the Abyss, Bend Space, Banish, Renounce Religion


You were on level 8 of the Dungeon.
You worshipped Lugonu.
Lugonu was most pleased with you.
You were not hungry.

You visited 1 branch of the dungeon, and saw 8 of its levels.
You visited the Abyss 1 time.

You collected 410 gold pieces.
You spent 143 gold pieces at shops.

Inventory:

Hand Weapons
 a - a +1 short sword
 w - a +1 long sword of draining (weapon)
Armour
 b - a +0 leather armour
 d - a +0 ring mail
 g - a +0 scale mail
 j - a +0 buckler
 l - a +0 chain mail (worn)
 s - a +0 helmet (worn)
 x - a +0 cloak of poison resistance (worn)
 y - a +0 shield of protection (worn)
 F - a scarf of cloud immunity
Jewellery
 f - an uncursed ring of wizardry
 o - an uncursed ring of wizardry
 p - a ring of resist corrosion (right hand)
 u - an uncursed ring of positive energy {unknown}
 D - a -3 ring of strength
 E - a cursed ring of loudness (left hand)
 K - a +5 ring of protection {unknown}
 L - an amulet of regeneration (around neck)
Wands
 A - a wand of iceblast (5)
 H - a wand of random effects (25)
 P - a wand of flame (19)
Scrolls
 h - 5 scrolls of identify
 m - 2 scrolls of amnesia {unknown}
 t - 2 scrolls of fear
 I - 3 scrolls of magic mapping {unknown}
 J - a scroll of random uselessness {unknown}
Potions
 e - 4 potions of brilliance {unknown}
 i - a potion of mutation {unknown}
 k - 2 potions of resistance {unknown}
 n - a potion of lignification {unknown}
 q - a potion of haste
 r - 2 potions of cancellation {unknown}
 v - 3 potions of flight {unknown}
 z - 2 potions of heal wounds {unknown}
 B - 2 potions of berserk rage {unknown}
 C - 2 potions of curing {unknown}
 G - a potion of degeneration {unknown}
 N - 2 potions of might {unknown}
Books
 M - a book of Flames

   Spells                             Type                      Level
   a - Flame Tongue                   Conjuration/Fire             1
   b - Throw Flame                    Conjuration/Fire             2
   c - Conjure Flame                  Conjuration/Fire             3
   d - Inner Flame                    Hexes/Fire                   3
   e - Sticky Flame                   Conjuration/Fire             4
   f - Fireball                       Conjuration/Fire             5
 Q - a book of Changes

   Spells                             Type                      Level
   a - Beastly Appendage              Transmutation                1
   b - Sticks to Snakes               Transmutation                2
   c - Spider Form                    Transmutation/Poison         3
   d - Ice Form                       Ice/Transmutation            4
   e - Blade Hands                    Transmutation                5
Comestibles
 c - 9 rations
 O - a chunk of flesh


   Skills:
 + Level 5.7(5.2) Fighting
 - Level 1.7(1.2) Short Blades
 + Level 4.9(4.4) Armour
 + Level 4.7(4.1) Dodging
 + Level 4.3(3.7) Shields
 * Level 9.7(9.0) Invocations


You had 8 spell levels left.
You didn't know any spells.

Dungeon Overview and Level Annotations

Branches:
Dungeon (8/15)             Temple (0/1) D:6
   Lair: D:8-11

Altars:
Fedhas
Gozag

Shops:
D:4 [[*


Innate Abilities, Weirdness & Mutations

You have sharp toenails.
You are mostly covered in molten scales. (AC +3)
You regenerate health from kills.


Message History

* * * LOW HITPOINT WARNING * * *
You hit the orc priest but do no damage.
You drain the orc priest! You claw the orc priest.
The orc priest is severely wounded.
The orc warrior hits you with a glaive!
* * * LOW HITPOINT WARNING * * *
The orc priest completely misses you.
You riposte.
Your chain mail prevents you from hitting the orc priest.
You claw the orc priest, but do no damage.
The orc priest is severely wounded.
You hit the orc priest.
You claw the orc priest, but do no damage.
The orc priest is almost dead.
The orc warrior hits you but does no damage.
You block the orc priest's attack.
You hit the orc priest.
You kill the orc priest!
Lugonu accepts your kill. The orc warrior hits you with a glaive.
You die...

###. ..#..####
... #...?... ..
..... #. #..#
##.####<.#####
#..............
#.#....########
#)#### #@# #o#
o.# ...# ....#
#..... #....#
#....#


You could see an orc warrior and an orc.

Vanquished Creatures
  3 hippogriffs (D:7)
  3 ice beasts
  A sky beast (D:6)
  2 centaurs
  2 ogres
  2 bullfrogs
  A water moccasin zombie (D:4)
  5 wights (D:7)
  3 howler monkeys
  A quasit (D:6)
  A crimson imp (D:7)
  Crazy Yiuf (D:3)
  4 hounds
  3 orc priests
  A jelly (D:7)
  An iguana (D:4)
  An orc wizard (D:3)
  2 worker ants
  The ghost of dscm the Digger, a weakling OpEE (D:3)
  10 adders
  4 oozes
  3 worms
  A dart slug (D:2)
  4 leopard geckos
  5 orcs
  3 giant cockroaches
  8 goblins
  14 hobgoblins
  5 jackals
  9 kobolds
  5 quokkas
  2 ball pythons
  4 bats
  7 frilled lizards
  A jackal skeleton (D:5)
  7 rats
130 creatures vanquished.

Vanquished Creatures (others)
  An orc wizard (D:7)
1 creature vanquished.

Grand Total: 131 creatures vanquished

Notes
Turn   | Place    | Note
-------+----------+-------------------------------------------
     0 | Abyss:1  | goulibeur the Demonspawn Abyssal Knight began the quest for the Orb.
     0 | Abyss:1  | Reached XP level 1. HP: 18/18 MP: 2/2
    11 | Abyss:1  | Found a corrupted altar of Lugonu.
    56 | Abyss:1  | Noticed a soul eater
    57 | Abyss:1  | Noticed a raiju
    57 | D:1      | Escaped the Abyss
   234 | D:1      | Reached skill level 1 in Dodging
   253 | D:1      | Gained mutation: You have sharp toenails. [demonic ancestry]
   253 | D:1      | Reached XP level 2. HP: 4/24 MP: 4/4
   298 | D:1      | Reached skill level 3 in Invocations
   674 | D:1      | Reached * piety under Lugonu
   871 | D:1      | Gained mutation: You are partially covered in molten scales. (AC +2) [demonic ancestry]
   871 | D:1      | Reached XP level 3. HP: 25/29 MP: 5/5
  1525 | D:2      | Gained mutation: You regenerate a little health from kills. [demonic ancestry]
  1525 | D:2      | Reached XP level 4. HP: 21/35 MP: 6/6
  1675 | D:2      | Reached skill level 4 in Invocations
  2125 | D:3      | Reached ** piety under Lugonu
  2156 | D:3      | Reached skill level 1 in Shields
  2349 | D:3      | Gained mutation: You are mostly covered in molten scales. (AC +3) [demonic ancestry]
  2349 | D:3      | Reached XP level 5. HP: 38/41 MP: 8/8
  2663 | D:3      | Found a runed door.
  2706 | D:3      | Noticed dscm's ghost (weakling OpEE)
  2730 | D:3      | Killed dscm's ghost
  2738 | D:3      | Reached skill level 5 in Invocations
  2949 | D:3      | Noticed Crazy Yiuf
  2962 | D:3      | Killed Crazy Yiuf
  3178 | D:4      | Found Ichochi's General Store.
  3181 | D:4      | Bought a scroll of identify for 28 gold pieces
  3249 | D:4      | Gained mutation: You regenerate health from kills. [demonic ancestry]
  3249 | D:4      | Reached XP level 6. HP: 48/48 MP: 8/10
  3322 | D:4      | Found Heda Ont's Armour Emporium.
  3330 | D:4      | Bought a +0 shield of protection for 115 gold pieces
  3375 | D:4      | Found Ywkuv's Antique Armour Shop.
  3814 | D:5      | Entered Level 5 of the Dungeon
  3844 | D:5      | Reached skill level 6 in Invocations
  3891 | D:5      | Reached *** piety under Lugonu
  3907 | D:5      | Reached XP level 7. HP: 48/54 MP: 11/11
  4220 | D:5      | Found a blossoming altar of Fedhas.
  4327 | D:5      | Reached skill level 7 in Invocations
  5145 | D:6      | Reached XP level 8. HP: 34/61 MP: 13/13
  5417 | D:6      | Found a staircase to the Ecumenical Temple.
  5805 | D:7      | Noticed a hippogriff
  5821 | D:7      | Killed a hippogriff
  5821 | D:7      | Reached skill level 5 in Fighting
  5821 | D:7      | Reached skill level 8 in Invocations
  6099 | D:7      | Noticed a hippogriff
  6115 | D:7      | Killed a hippogriff
  6115 | D:7      | Reached skill level 9 in Invocations
  6284 | D:7      | Reached XP level 9. HP: 68/68 MP: 15/15
  6578 | D:7      | Found an opulent altar of Gozag.
  6875 | D:8      | HP: 2/69 [orc warrior/glaive (14)]
  6877 | D:8      | Slain by an orc warrior

Skill      XL: |  1  2  3  4  5  6  7  8 |
---------------+-------------------------+-----
Dodging        | 1 2 3 4 |  4.7
Armour         | 2 3 4 |  4.9
Invocations    | 3 4 5 6 7 9 |  9.7
Shields        | 1 2 3 4 |  4.3
Fighting       | 4 5 |  5.7
Short Blades   | |  1.7

Action                   |  1- 3 |  4- 6 |  7- 9 || total
-------------------------+-------+-------+-------++-------
Melee: Short sword       |   127 |   171 |       ||   298
       Kick              |    24 |    65 |    87 ||   176
       Long sword        |       |    83 |   352 ||   435
Invok: Depart the Abyss  |     1 |       |       ||     1
  Use: Scroll            |       |       |     6 ||     6
  Eat: Chunk             |     2 |     8 |     7 ||    17
       Ration            |       |       |     1 ||     1
Armor: Ring mail         |    17 |       |       ||    17
       Scale mail        |    22 |       |       ||    22
       Chain mail        |    11 |   213 |   344 ||   568
Dodge: Dodged            |    40 |    73 |    86 ||   199
Block: Buckler           |     9 |    43 |       ||    52
       Shield            |       |    29 |   214 ||   243
       Rpst.: Long sword |       |     5 |    15 ||    20
